 Dungeon Crawl Stone Soup version 0.19.0-24-gb05acd6 (webtiles) character file.

32 ChaseSP the Changer (level 3, 0/17 HPs)
             Began as a Vine Stalker Transmuter on Nov 22, 2016.
             Succumbed to an adder's poison
             ... on level 2 of the Dungeon.
             The game lasted 00:03:06 (1413 turns).

ChaseSP the Changer (Vine Stalker Transmuter)       Turns: 1413, Time: 00:03:06

Health: 0/17       AC:  4    Str: 13    XL:     3   Next: 25%
Magic:  3/7        EV: 12    Int: 13    God:
Gold:   48         SH:  0    Dex: 14    Spells: 3 memorised, 0 levels left

rFire  . . .     SeeInvis .       - Unarmed
rCold  . . .     Gourm    .     l - +0 leather armour
rNeg   . . .     Faith    .     (no shield)
rPois  .         Spirit   +     (no helmet)
rElec  .         Reflect  .     (no cloak)
rCorr  .         Harm     .     (no gloves)
MR     .....                    (no boots)
Stlth  +.........               (no amulet)
                                (no ring)
                                m - +1 ring of protection

@: lethally poisoned (0 -> -7)
A: fangs 2, magic shield, antimagic bite, no device heal 3, rot immunity
a: no special abilities


You were on level 2 of the Dungeon.
You were not hungry.

You visited 1 branch of the dungeon, and saw 2 of its levels.

You collected 48 gold pieces.

Inventory:

Missiles
 a - 24 arrows
Armour
 b - a +0 robe
 l - a +0 leather armour (worn)
Jewellery
 m - a +1 ring of protection (left hand)
Scrolls
 e - 2 scrolls of magic mapping {unknown}
 j - a scroll of teleportation {unknown}
Potions
 f - a potion of curing {unknown}
 h - a potion of mutation {unknown}
Books
 c - a book of Changes

   Spells                             Type                      Level
   a - Beastly Appendage              Transmutation                1
   b - Sticks to Snakes               Transmutation                2
   c - Spider Form                    Transmutation/Poison         3
   d - Ice Form                       Ice/Transmutation            4
   e - Blade Hands                    Transmutation                5
Comestibles
 d - 3 bread rations
 g - a slice of pizza
 i - a meat ration


   Skills:
 - Level 0.8 Fighting
 - Level 1.5 Dodging
 + Level 3.0 Unarmed Combat
 - Level 2.1 Spellcasting
 * Level 3.4 Transmutations
 * Level 0.4 Poison Magic


You couldn't memorise any spells.
You knew the following spells:

 Your Spells              Type           Power        Failure   Level  Hunger
a - Beastly Appendage     Tmut           ##....       10%         1    ##.....
b - Sticks to Snakes      Tmut           ##......     12%         2    ###....
c - Spider Form           Tmut/Pois      #.........   54%         3    ####...


Dungeon Overview and Level Annotations

Branches:
Dungeon (2/15)

Altars:


Innate Abilities, Weirdness & Mutations

You have extremely sharp teeth.
When hurt, damage is shared between your health and your magic reserves.
Your bite disrupts and absorbs the magic of your enemies.
Potions and wands cannot restore your health.
You are immune to rotting.


Message History

The adder closely misses you.
You closely miss the adder. The adder bites you.
You are poisoned.
The adder poisons you! The kobold hits you with a club.
You closely miss the adder.
You feel sick. The adder bites you.
* * * LOW HITPOINT WARNING * * *
You are lethally poisoned!
The adder poisons you!
* * * LOW HITPOINT WARNING * * *
You feel sick.
* * * LOW HITPOINT WARNING * * *
You feel sick.
Casting: Beastly Appendage
Confirm with . or Enter, or press ? or * to list all spells.
You don't know that spell.
* * * LOW HITPOINT WARNING * * *
You feel sick.
* * * LOW HITPOINT WARNING * * *
You feel sick.
You die...

....w# #######. ..#...#
############ #.
......w#####........... #.
#........S..#........# ##
#.......###.#........# ..##
#.......#.....(......# #...
##.....##K###........# ####
#.....##.###........#
#.........@..........#
#.....####...........######
#...## ###..####.........
##.# ##.####.#..#####
........#.......
..........####..
....######......# ..
######.. ###


You could see a kobold.

Vanquished Creatures
  2 dart slugs
  A giant cockroach (D:2)
  4 goblins
  3 hobgoblins (D:1)
  2 jackals (D:2)
  2 kobolds
  A quokka (D:2)
  4 bats
  2 frilled lizards (D:1)
  A jackal zombie (D:1)
  A leopard gecko zombie (D:1)
  3 rats (D:1)
26 creatures vanquished.

Notes
Turn   | Place    | Note
-------+----------+-------------------------------------------
     0 | D:1      | ChaseSP the Vine Stalker Transmuter began the quest for the Orb.
     0 | D:1      | Reached XP level 1. HP: 9/9 MP: 4/4
   145 | D:1      | Reached XP level 2. HP: 14/14 MP: 6/6
   155 | D:1      | Learned a level 2 spell: Sticks to Snakes
  1281 | D:2      | Found a faded altar of an unknown god.
  1286 | D:2      | Reached XP level 3. HP: 17/17 MP: 7/7
  1291 | D:2      | Learned a level 3 spell: Spider Form
  1413 | D:2      | Succumbed to an adder's poison

Skill      XL: |  1  2 |
---------------+-------+-----
Transmutations | 3 |  3.4
Fighting       | |  0.8
Dodging        | |  1.5
Unarmed Combat | |  3.0
Spellcasting   | |  2.1
Poison Magic   | |  0.4

Action                   || total
-------------------------++-------
Melee: Unarmed           ||    98
       Bite              ||    27
       Punch             ||     1
 Cast: Beastly Appendage ||     1
 Stab: Sleeping          ||     1
  Eat: Chunk             ||     2
Armor: Robe              ||    19
       Leather armour    ||     1
Dodge: Dodged            ||    58
